Match 34467764
Unlisted

Match 34467764
End
Construct Infanterie Kompanie
Pioneer Squad
Selects Mechanized Battlegroup
Grenadier Squad
Grenadier Squad
Grenadier Squad
Construct Luftwaffe Kompanie
Selects Spotting Scopes
221 Scout Car
Jäger Squad
Selects Wespe Self-propelled Artillery
Flak 30 Anti-aircraft Gun Team
Flak 30 Anti-aircraft Gun Team
Wespe Self-propelled Artillery
Support Elements
Marder III M Tank Destroyer
Marder III M Tank Destroyer
Selects Raid Package
Selects StuG Assault Group
Jäger Squad
Grenadier Squad
MG 42 Machine Gun Team
Marder III M Tank Destroyer
Marder III M Tank Destroyer
Madscientist
Ermac[Pointrunner]
爬爬
Capibimbambombolilalone ITA
0
0

Comments sign in to comment!

No comments posted yet!